 Dungeon Crawl Stone Soup version 0.23.2-1-ga50397a (webtiles) character file.

Game seed: 14461403479493281938

563 prawnwizard the Ruffian (level 7, -2/66 HPs)
             Began as a Troll Fighter on May 17, 2019.
             Engulfed by a cloud of freezing vapour (21 damage)
             ... on level 5 of the Dungeon.
             The game lasted 00:04:37 (3354 turns).

prawnwizard the Ruffian (Troll Fighter)             Turns: 3354, Time: 00:04:38

Health: -2/66      AC:  6    Str: 27    XL:     7   Next: 10%
Magic:  6/6        EV: 10    Int:  4    God:
Gold:   205        SH:  0    Dex:  9    Spells: 6/6 levels left

rFire    . . .     SeeInvis .     - Unarmed
rCold    . . .     Gourm    +   (no shield)
rNeg     . . .     Faith    .   a - +0 robe
rPois    .         Spirit   .   (helmet restricted)
rElec    .         Reflect  .   (no cloak)
rCorr    .         Harm     .   (gloves unavailable)
MR       .....                  (boots unavailable)
Stlth    +.........             (no amulet)
HPRegen  0.61/turn              (no ring)
MPRegen  0.10/turn              (no ring)

@: no status effects
A: large, unfitting armour, claws 3, fast metabolism 3, gourmand, regeneration
1, shaggy fur 1, tough skin 3
a: no special abilities


You were on level 5 of the Dungeon.
You were completely stuffed.

You visited 1 branch of the dungeon, and saw 5 of its levels.

You collected 205 gold pieces.

Inventory:

Armour
 a - a +0 robe (worn)
 b - a +0 shield
Jewellery
 t - an uncursed ring of fire {unknown}
 u - a +2 ring of intelligence {unknown}
 v - an uncursed ring of fire {unknown}
Scrolls
 e - 8 scrolls of teleportation {unknown}
 g - 3 scrolls of amnesia {unknown}
 i - 2 scrolls of noise {unknown}
 j - 6 scrolls of identify {unknown}
 n - 4 scrolls of remove curse {unknown}
 o - a scroll of fear {unknown}
 r - a scroll of magic mapping {unknown}
 w - a scroll of fog {unknown}
Potions
 c - 2 potions of might
 h - a potion of ambrosia {unknown}
 k - a potion of cancellation {unknown}
 l - 3 potions of curing {unknown}
 m - a potion of agility {unknown}
 p - a potion of degeneration {unknown}
 q - 3 potions of lignification {unknown}
 s - a potion of heal wounds {unknown}
 x - a potion of brilliance {unknown}
Comestibles
 d - 10 rations
 f - 4 chunks of flesh


   Skills:
 - Level 2.4 Fighting
 - Level 2.4 Dodging
 - Level 2.4 Shields
 * Level 7.9 Unarmed Combat


You had 6 spell levels left.
You didn't know any spells.
Your spell library was empty.

Dungeon Overview and Level Annotations

Branches:
Dungeon (5/15)
 Temple: D:4-7

Altars:

Shops:
D:4 }

Annotations:
D:5 Dowan, Duvessa


Innate Abilities, Weirdness & Mutations

You are too large for most types of armour.
You have claws for hands.
Your metabolism is lightning-fast.
You like to eat raw meat.
Your natural rate of healing is unusually fast.
You are covered in fur. (AC +1)
You have extremely tough skin. (AC +3)


Message History

No target in view!
x - a blue potion As you open the door, it creaks loudly!
Really walk into a travel-excluded area? [Y]es or [N]o only, please.
Really walk into a travel-excluded area?
There is an open door here.
Really walk into a travel-excluded area? [Y]es or [N]o only, please.
Really walk into a travel-excluded area? [Y]es or [N]o only, please.
Really walk into a travel-excluded area?
You are engulfed in freezing vapours.
Duvessa, Sister of Dowan comes into view.
She is wielding a +0 short sword.
You are engulfed in freezing vapours.
* * * LOW HITPOINT WARNING * * *
Duvessa shouts!
Dowan, Brother of Duvessa comes into view.
He is wielding a +0 dagger.
You are engulfed in freezing vapours.
You die...

#......... .# #....#... # ###.
#....... ####.# #.. #...>...
#....######.######....... ...#.
######################... ....<#
##°°°°°°°°§§§§§§?%($!#... .....#
##°###################..# .....#
##§§§§§§@§§°°°°°°○○..#... .....#
###################'##..# .....##
#........e...............
......###..#.###..######.###.###.
....#.........##...#####.##..###.
..............##.................
#####.........###.###.....######.
###...........###e# #....## #..
...............##.###....# ####.#


You could see Duvessa and Dowan.

Vanquished Creatures
  A phantom (D:5)
  A centaur (D:5)
  A scorpion (D:2)
  A hound (D:4)
  A worker ant (D:4)
  An iguana (D:4)
  2 orc wizards
  A hound skeleton (D:4)
  4 gnolls (D:4)
  5 adders
  2 oozes
  An adder skeleton (D:5)
  2 worms
  2 leopard geckos (D:1)
  8 orcs
  5 ball pythons
  7 bats
  5 giant cockroaches
  5 hobgoblins
  10 jackals
  A quokka (D:3)
  A ball python skeleton (D:4)
  4 frilled lizards
  7 goblins
  A jackal zombie (D:5)
  10 kobolds
  8 rats
97 creatures vanquished.

Vanquished Creatures (others)
  A plant (D:1)
1 creature vanquished.

Grand Total: 98 creatures vanquished

Notes
Turn   | Place    | Note
-------+----------+-------------------------------------------
     0 | D:1      | prawnwizard the Troll Fighter began the quest for the Orb.
     0 | D:1      | Reached XP level 1. HP: 22/22 MP: 0/0
   123 | D:1      | Reached XP level 2. HP: 29/29 MP: 1/1
   276 | D:1      | Reached skill level 3 in Unarmed Combat
   544 | D:1      | Reached XP level 3. HP: 36/36 MP: 2/2
  1077 | D:2      | Reached skill level 4 in Unarmed Combat
  1377 | D:2      | Noticed a scorpion
  1389 | D:2      | Killed a scorpion
  1389 | D:2      | Reached skill level 5 in Unarmed Combat
  1389 | D:2      | Reached XP level 4. HP: 12/44 MP: 3/3
  1850 | D:3      | Reached XP level 5. HP: 48/50 MP: 4/4
  2259 | D:4      | Reached skill level 6 in Unarmed Combat
  2404 | D:4      | Reached XP level 6. HP: 49/59 MP: 5/5
  2849 | D:4      | Found Laestreurgh's Gadget Shop.
  2888 | D:4      | Reached skill level 7 in Unarmed Combat
  3131 | D:5      | Entered Level 5 of the Dungeon
  3265 | D:5      | Reached XP level 7. HP: 55/66 MP: 6/6
  3350 | D:5      | Noticed Duvessa
  3353 | D:5      | Noticed Dowan
  3354 | D:5      | Engulfed by a cloud of freezing vapour

Skill      XL: |  1  2  3  4  5  6 |
---------------+-------------------+-----
Unarmed Combat | 3 5 6 7 |  7.9
Fighting       | |  2.4
Dodging        | |  2.4
Shields        | |  2.4

Action                   |  1- 3 |  4- 6 |  7- 9 || total
-------------------------+-------+-------+-------++-------
Melee: Unarmed           |   129 |   154 |     3 ||   286
       Punch             |     2 |       |       ||     2
  Eat: Chunk             |    18 |    17 |     1 ||    36
Armor: Robe              |    58 |    45 |     1 ||   104
Dodge: Dodged            |    70 |    64 |     2 ||   136
